cohdb
Replays
Latest Replays
All Replays
Popular Replays
Top Player Replays
Match Explorer
How It Works
Community
CoH3 Stats
Reddit
Sign in to upload your games and track your stats! →
Sign in with Steam
Match 43248766
Unlisted
Match 43248766
Overview
Messages
Build Orders
End
Royal Engineer Section
Construct Section Command Post
Dingo Light Scout Car
Infantry Section
Infantry Section
Construct Platoon Command Post
Humber Armored Car
Infantry Section
6-pounder Anti-tank Gun Team
Construct Field Infirmary
Selects Heavy Armor Battlegroup
Selects Rigorous Vehicle Training
Selects Light Vehicle Withdraw and Refit
Selects Radio Net
Infantry Section
Vickers Machine Gun Team
Infantry Section
Construct Company Command Post
Selects Designate Targets
Crusader II Medium Tank
Crusader II Medium Tank
Foot Guards Section
Selects Forward Repair Assembly
Selects Designate Targets
Designate Targets
Crusader II Medium Tank
Designate Targets
Armored Vehicle Training
Royal Engineer Section
Designate Targets
Crusader II Medium Tank
Designate Targets
Radio Net
Foot Guards Section
Infantry Section
Crusader II Medium Tank
Royal Engineer Section
The Major General
^3
0
0
Comments
sign in to comment!
No comments posted yet!